 Dungeon Sprint DCSS version 0.29-a0-337-g68df138881 (webtiles) character file.

Game seed: 17271861418145973481

1380 mhtbhm the Spear-Bearer (level 8, -1/72 HPs)
             Began as a Formicid Fighter on Apr 16, 2022.
             Was a Believer of Okawaru.
             Slain by an 18-headed hydra (5 damage)
             ... in the Dungeon (Sprint IX: "|||||||||||||||||||||||||||||").
             The game lasted 00:01:43 (562 turns).

mhtbhm the Spear-Bearer (Formicid Fighter)           Turns: 562, Time: 00:01:44

Health: -1/72      AC: 19    Str: 22    XL:     8   Next: 99%
Magic:  6/11       EV: 15    Int:  9    God:    Okawaru [**....]
Gold:   0          SH:  8    Dex: 13    Spells: 7/7 levels left

rFire   . . .      SeeInvis +   a - +2 halberd (protect)
rCold   . . .      Faith    .   c - +0 buckler
rNeg    . . .      Spirit   .   b - +1 scale mail
rPois   .          Reflect  .   (helmet unavailable)
rElec   .          Harm     .   (no cloak)
rCorr   .          Rampage  .   (no gloves)
Will    .....                   j - +0 pair of boots
Stlth   ++........              (no amulet)
HPRegen 0.22/turn               k - +3 ring of dexterity
MPRegen 0.12/turn               l - +2 ring of evasion

@: heroic, under a protective aura, very slightly contaminated
A: permanent stasis, dig shafts and tunnels, antennae 3, four strong arms
a: Dig, Renounce Religion, Heroism


You were in the Dungeon.
You worshipped Okawaru.
Okawaru was pleased with you.
You visited 1 branch

Inventory:

Hand Weapons
 a - a +2 halberd of protection (weapon)
Armour
 b - a +1 scale mail (worn)
 c - a +0 buckler (worn)
 j - a +0 pair of boots (worn)
Jewellery
 k - a +3 ring of dexterity (left hand)
 l - a +2 ring of evasion (right hand)
Wands
 i - a wand of iceblast (10)
Scrolls
 h - 2 scrolls of amnesia
Potions
 e - 4 potions of curing
 f - a potion of heal wounds
 g - 4 potions of magic


   Skills:
 + Level 9.8(14.8) Fighting
 + Level 11.4(16.4) Polearms
 + Level 9.1(14.1) Armour
 + Level 2.9(7.9) Dodging
 - Level 2.7(7.7) Stealth
 + Level 10.2(15.2) Shields
 * Level 5.0 Invocations


You had 7 spell levels left.
You didn't know any spells.
Your spell library was empty.

Dungeon Overview and Level Annotations

Branches:
Dungeon (1/1)

Altars:
Cheibriados
Dithmenos
Elyvilon
Fedhas
Gozag
Hepliaklqana
Kikubaaqudgha
Makhleb
Nemelex Xobeh
Okawaru
Qazlal
Ru
Sif Muna
Trog
Uskayaw
Vehumet
Wu Jian
Xom
Yredelemnul
Zin
The Shining One
Beogh
Jiyva
Lugonu


Innate Abilities, Weirdness & Mutations

You cannot be hasted, slowed, berserked, paralysed or teleported.
You can dig through walls and to a lower floor.
You have a pair of large antennae on your head. (SInv)
Your four strong arms can wield two-handed weapons with a shield.


Message History

Okawaru is honoured by your kill.
Your base Polearms skill increases to level 11!
Your base Armour skill increases to level 9!
Your Invocations skill gained 5 levels and is now at level 5!
Unknown command.
Unknown command.
Unknown command.
You feel much better.
Unknown command.
Unknown command.
There is an open door here.
Things that are here:
a +0 troll leather armour; a shapeshifter corpse; a troll corpse You slice one of the 16-headed hydra's heads off!
The 15-headed hydra grows two more!
You slash the 17-headed hydra!
The 17-headed hydra is lightly wounded.
You flicker back into view.
The 17-headed hydra roars!
The basilisk hisses angrily.
You block the 17-headed hydra's attack. The 17-headed hydra barely misses you.
The 17-headed hydra bites you but does no damage.
The 17-headed hydra bites you!
You block the 17-headed hydra's attack. x2
The 17-headed hydra bites you but does no damage. x3
The 17-headed hydra bites you! The 17-headed hydra bites you.
* * * LOW HITPOINT WARNING * * *
The 17-headed hydra misses you. The 17-headed hydra bites you.
* * * LOW HITPOINT WARNING * * *
The 17-headed hydra bites you but does no damage. x2
The 17-headed hydra barely misses you. x2
You slice one of the 17-headed hydra's heads off!
The 16-headed hydra grows two more!
You slice the 18-headed hydra!!
The 18-headed hydra is moderately wounded.
The 18-headed hydra bites you!
* * * LOW HITPOINT WARNING * * *
The 18-headed hydra bites you but does no damage. x2
The 18-headed hydra bites you.
* * * LOW HITPOINT WARNING * * *
You block the 18-headed hydra's attack.
The 18-headed hydra bites you but does no damage. x2
The 18-headed hydra bites you.
You die...

▓+▓
▓.▓
▓.▓
▓y▓
▓W▓
{
▓l▓
▓D▓
▓@▓
▓.▓
▓.▓
▓.▓
▓.▓
▓.▓
▓.▓
▓[▓
▓.▓


You could see a 18-headed hydra, a basilisk (misshapen), a vampire mosquito and
a shadow (invisible).

Vanquished Creatures
  A radroach (shapeshifter) (D)
  A troll (D)
  A wraith (D)
  An acid dragon (D)
  An ogre (D)
  A phantom (D)
  A killer bee (D)
  A howler monkey (D)
  An orc priest (D)
  An orc wizard (D)
  An adder (D)
  A gnoll (D)
  A white imp (D)
  2 bats (D)
  2 endoplasms (D)
  A ball python (D)
18 creatures vanquished.

Notes
Turn   | Place    | Note
-------+----------+-------------------------------------------
     0 | D        | mhtbhm the Formicid Fighter began the quest for the Orb.
     0 | D        | Reached XP level 1. HP: 18/18 MP: 1/1
   133 | D        | Noticed an ogre
   133 | D        | Noticed a phantom
   136 | D        | Reached XP level 2. HP: 25/25 MP: 2/2
   137 | D        | Reached skill level 5 in Shields
   137 | D        | Reached XP level 3. HP: 31/31 MP: 3/3
   143 | D        | Killed a phantom
   144 | D        | Reached skill level 5 in Fighting
   144 | D        | Reached skill level 4 in Polearms
   144 | D        | Reached XP level 4. HP: 37/40 MP: 4/4
   144 | D        | Reached XP level 5. HP: 42/46 MP: 5/5
   146 | D        | Killed an ogre
   147 | D        | Reached skill level 5 in Polearms
   147 | D        | Reached skill level 1 in Dodging
   149 | D        | Reached XP level 6. HP: 40/53 MP: 6/6
   155 | D        | Found a snail-covered altar of Cheibriados.
   155 | D        | Found a shadowy altar of Dithmenos.
   155 | D        | Found a white marble altar of Elyvilon.
   155 | D        | Found a blossoming altar of Fedhas.
   155 | D        | Found an opulent altar of Gozag.
   156 | D        | Found a hazy altar of Hepliaklqana.
   157 | D        | Found a viscous altar of Jiyva.
   158 | D        | Found an ancient bone altar of Kikubaaqudgha.
   159 | D        | Found a corrupted altar of Lugonu.
   160 | D        | Found a burning altar of Makhleb.
   161 | D        | Found a sparkling altar of Nemelex Xobeh.
   162 | D        | Found an iron altar of Okawaru.
   163 | D        | Found a stormy altar of Qazlal.
   164 | D        | Found a sacrificial altar of Ru.
   165 | D        | Found a shimmering blue altar of Sif Muna.
   166 | D        | Found a bloodstained altar of Trog.
   167 | D        | Found a hide-covered altar of Uskayaw.
   168 | D        | Found a radiant altar of Vehumet.
   179 | D        | Found an ornate altar of the Wu Jian Council.
   180 | D        | Became a worshipper of Warmaster Okawaru
   181 | D        | Found a shimmering altar of Xom.
   182 | D        | Found a basalt altar of Yredelemnul.
   183 | D        | Found a glowing silver altar of Zin.
   184 | D        | Found a glowing golden altar of the Shining One.
   253 | D        | Noticed a wraith
   253 | D        | Noticed an acid dragon
   264 | D        | Reached skill level 6 in Polearms
   284 | D        | Killed an acid dragon
   285 | D        | Reached skill level 7 in Polearms
   285 | D        | Reached XP level 7. HP: 39/62 MP: 7/7
   302 | D        | Killed a wraith
   302 | D        | Reached * piety under Okawaru
   303 | D        | Reached skill level 8 in Polearms
   520 | D        | Noticed a vampire mosquito
   520 | D        | Noticed an eight-headed hydra
   520 | D        | Noticed a shadow
   520 | D        | Noticed a basilisk
   520 | D        | Noticed a slime creature
   520 | D        | Noticed a troll
   529 | D        | Killed a troll
   529 | D        | Reached ** piety under Okawaru
   530 | D        | Reached skill level 10 in Polearms
   530 | D        | Reached skill level 10 in Shields
   530 | D        | Reached XP level 8. HP: 67/71 MP: 8/8
   542 | D        | Noticed a radroach
   542 | D        | a slime creature changed into a radroach
   558 | D        | Killed a radroach
   559 | D        | Reached skill level 11 in Polearms
   559 | D        | Reached skill level 5 in Invocations
   562 | D        | Slain by an 18-headed hydra

Illustrated notes

Levels and vault maps discovered:
D:        linesprint [early_d, line_temple, items_1, d_10, items_2, lair_1,
          lair_end, items_3, orc_1, orc_end, items_4, d_15, swamp_1, shoals_1,
          snake_1, spider_1, d_20, vaults_1, items_5, swamp_end, shoals_end,
          snake_end, spider_end, vaults_end, d_27, items_6, zot_1, zot_end,
          crypt_end, forest_end, elf_end, slime_end, tomb_end, abyss_end,
          pan_hell_end]

Skill      XL: |  1  2  3  4  5  6  7  8 |
---------------+-------------------------+-----
Shields        | 4 5 6 7 9 10 | 10.2
Armour         | 4 6 7 8 9 |  9.1
Fighting       | 4 5 6 8 9 |  9.8
Polearms       | 4 5 7 10 11 | 11.4
Dodging        | 1 2 |  2.9
Stealth        | 2 |  2.7
Invocations    | 5 |  5.0

Action                   |  1- 3 |  4- 6 |  7- 9 || total
-------------------------+-------+-------+-------++-------
Melee: Trident           |    32 |     5 |       ||    37
       Halberd           |       |    30 |    55 ||    85
Invok: Heroism           |       |       |     1 ||     1
  Use: Potion            |     1 |     1 |     3 ||     5
 Stab: Invisible         |       |       |     9 ||     9
Armor: Scale mail        |    18 |    19 |    32 ||    69
Dodge: Dodged            |    23 |    22 |    26 ||    71
Block: Buckler           |     8 |     7 |    16 ||    31

Table legend: (Time is in decaauts)
 A = Elapsed time spent in this place.
 B = Non-inter-level travel time spent in this place.
 C = Inter-level travel time spent in this place.
 D = Time resting spent in this place.
 E = Time spent auto-exploring this place.
 F = Levels seen in this place.
 G = Mean time per level.
                   A        B        C        D        E       F      G
               +--------+--------+--------+--------+--------+-----+--------+
         Total |    576 |    576 |      0 |    330 |      0 |   1 |  576.0 |
       Dungeon |    576 |    576 |      0 |    330 |      0 |   1 |  576.0 |
               +--------+--------+--------+--------+--------+-----+--------+

Top non-repeatable levels by time:
       D: 576 daAuts
